Map: [ESL] Tropical Sacrifice

Players

Astrea - Winner!

  • Race: Protoss Protoss
  • Spawn Location: 7:00

ShoWTimE

  • Race: Protoss Protoss
  • Spawn Location: 1:00

Event: DreamHack SC2 Masters 2022 Atlanta (Offline)

VOD

Have the link to the VOD?

Description

Time

  • Played on: Nov. 19, 2022, 2:40 p.m.
  • Length: 20:02

All games in this series

Show
View Real Time Build Order
Export as new Build Order

Astrea Protoss - Winner!

Build Orders: Phoenix Opening, Blink Stalkers 

Get SALT Encoding   

  12  0:00  Probe  
  13  0:12  Probe  
  14  0:17  Pylon  
  14  0:24  Probe (Chrono Boost)  
  15  0:36  Probe (Chrono Boost)  
  15  0:39  Gateway  
  16  0:45  Probe (Chrono Boost)  
  16  0:47  Assimilator  
  17  0:51  Probe  
  18  1:03  Probe  
  19  1:15  Probe (Chrono Boost)  
  20  1:20  Assimilator  
  20  1:21  Pylon  
  21  1:25  Probe (Chrono Boost)  
  21  1:29  Cybernetics Core  
  21  1:30  Probe (Chrono Boost)  
  24  1:41  Probe  
  25  1:49  Zealot  
  25  1:53  Probe  
  26  2:06  Warp Gate (Chrono Boost)  
  26  2:09  Probe  
  27  2:18  Sentry, Pylon  
  27  2:21  Probe  
  30  2:28  Nexus  
  30  2:33  Probe  
  31  2:43  Stalker  
  33  2:50  Gateway  
  34  2:56  Shield Battery  
  34  2:57  Phoenix, Probe  
  34  3:03  Shield Battery, Stalker  
  34  3:09  Probe  
  35  3:19  Shield Battery  
  37  3:21  Probe  
  37  3:26  Twilight Council  
  37  3:33  Probe  
  38  3:40  Probe  
  39  3:46  Probe  
  39  3:47  Stalker  
  42  3:49  Stalker  
  42  3:52  Probe  
  45  3:56  Blink (Chrono Boost)  
  45  3:58  Probe  
  46  4:04  Probe, Pylon  
  46  4:13  Probe  
  46  4:16  Stalker  
  46  4:17  Stalker  
  51  4:19  Probe  
  52  4:25  Probe  
  52  4:31  Probe  
  54  4:33  Phoenix  
  54  4:38  Probe  
  53  4:40  Stalker x2  
  53  4:43  Pylon  
  57  4:54  Nexus  
  57  4:58  Robotics Facility  
  57  5:00  Probe x2  
  59  5:10  Assimilator, Pylon  
  59  5:12  Probe  
  59  5:13  Probe  
  61  5:23  Forge  
  61  5:25  Probe x2, Gateway  
  63  5:37  Probe x2, Stalker x2  
  68  5:45  Protoss Ground Weapons Level 1 (Chrono Boost)  
  68  5:49  Probe x2  
  70  5:53  Observer (Chrono Boost)  
  67  6:01  Probe x2  
  67  6:02  Stalker x2  
  67  6:03  Observer  
  71  6:05  Immortal (Chrono Boost)  
  75  6:11  Probe  
  75  6:13  Probe x2  
  75  6:16  Shield Battery  
  78  6:23  Probe  
  78  6:25  Probe x2  
  81  6:27  Stalker x3  
  87  6:35  Probe  
  87  6:37  Probe  
  87  6:39  Probe  
  90  6:43  Pylon  
  90  6:45  Pylon x2  
  90  6:57  Gateway  
  90  6:59  Gateway  
  90  7:00  Gateway  
  90  7:01  Probe x3  
  90  7:06  Charge  
  93  7:08  Observer (Chrono Boost)  
  93  7:09  Stalker x3  
  93  7:11  Assimilator  
  99  7:22  Nexus  
  99  7:23  Dark Shrine  
  99  7:24  Pylon  
  99  7:26  Pylon  
  99  7:27  Warp Prism (Chrono Boost)  
  99  7:39  Stalker  
  99  7:40  Stalker x2  
  99  7:41  Probe x2  
  105  7:49  Probe  
  106  7:52  Photon Cannon  
  106  7:55  Pylon  
  106  7:58  Protoss Ground Weapons Level 2 (Chrono Boost)  
  104  8:00  Probe  
  104  8:03  Probe x2  
  104  8:05  Gateway  
  107  8:08  Observer (Chrono Boost), Gateway  
  107  8:10  Gateway  
  107  8:11  Gateway  
  108  8:13  Probe  
  108  8:16  Probe x2  
  111  8:25  Assimilator  
  111  8:26  Stalker x3  
  111  8:27  Observer, Stalker x2  
  118  8:31  Probe  
  119  8:34  Pylon  
  119  8:36  Probe x2  
  119  8:39  Probe  
  122  8:43  Dark Templar  
  124  8:49  Pylon  
  124  8:58  Shadow Stride (Chrono Boost)  
  124  9:00  Shield Battery  
  124  9:02  Zealot x6, Photon Cannon  
  136  9:03  Pylon  
  136  9:06  Dark Templar x2  
  140  9:11  Immortal (Chrono Boost)  
  144  9:17  Pylon  
  144  9:18  Pylon  
  144  9:24  Zealot x4  
  152  9:27  Zealot x2  
  156  9:33  Pylon x2  
  156  9:36  Stalker  
  156  9:37  Pylon  
  154  9:47  Zealot x6  
  154  9:49  Zealot  
  154  9:52  Warp Prism (Chrono Boost)  
  164  10:01  Zealot x3  
  168  10:07  Protoss Ground Weapons Level 3 (Chrono Boost)  
  168  10:17  Dark Templar x4  
  168  10:18  Zealot  
  178  10:24  Probe  
  178  10:25  Photon Cannon, Pylon  
  182  10:30  Nexus  
  179  10:36  Probe  
  179  10:37  Probe  
  173  10:50  Archon x2  
  173  10:54  Zealot x10  
  173  10:55  Probe  
  184  10:58  Probe  
  184  11:03  Probe  
  184  11:04  Probe  
  181  11:07  Observer, Probe  
  181  11:10  Probe  
  178  11:15  Probe  
  178  11:16  Probe  
  178  11:17  Observer, Robotics Bay  
  180  11:18  Robotics Facility  
  180  11:19  Probe  
  180  11:20  Photon Cannon  
  180  11:22  Shield Battery  
  180  11:23  Zealot, Dark Templar x3  
  189  11:27  Probe x2  
  189  11:29  Assimilator  
  189  11:31  Photon Cannon  
  189  11:32  Observer (Chrono Boost)  
  192  11:35  Probe x2  
  194  11:41  Gateway  
  194  11:42  Gateway  
  184  11:57  Nexus  
  184  12:05  Stalker x8  
  197  12:21  Zealot x2  
  197  12:22  Immortal  
  188  12:31  Dark Templar  
  188  12:32  Dark Templar x3  
  188  12:35  Zealot x2  
  196  12:38  Zealot x3  
  196  12:43  Zealot x3  
  196  12:44  Disruptor  
  182  12:50  Probe x2  
  179  13:01  Disruptor (Chrono Boost)  
  170  13:07  Zealot x11  
  170  13:08  Zealot  
  170  13:09  Protoss Shields Level 1 (Chrono Boost)  
  170  13:12  Pylon  
  194  13:17  Disruptor (Chrono Boost)  
  194  13:26  Observer  
  193  13:33  Disruptor (Chrono Boost)  
  196  13:41  Photon Cannon  
  196  13:42  Zealot x2, Photon Cannon  
  196  13:43  Shield Battery  
  196  13:45  Shield Battery  
  196  13:48  Photon Cannon x2, Pylon  
  200  13:50  Photon Cannon  
  200  13:52  Photon Cannon  
  200  13:54  Gravitic Boosters  
  198  13:55  Photon Cannon  
  164  14:13  Zealot x12  
  174  14:19  Disruptor (Chrono Boost)  
  174  14:22  Disruptor (Chrono Boost)  
  158  14:39  Dark Templar  
  158  14:40  Zealot x7, Dark Templar x4  
  182  14:47  Disruptor (Chrono Boost)  
  182  14:51  Gravitic Drive  
  180  15:01  Observer (Chrono Boost)  
  180  15:03  Zealot x2  
  180  15:04  Zealot x5  
  180  15:05  Probe x3, Photon Cannon  
  193  15:15  Nexus  
  169  15:23  Disruptor (Chrono Boost), Zealot x5  
  169  15:24  Zealot x7  
  193  15:31  Assimilator x2  
  193  15:32  Disruptor (Chrono Boost)  
  191  15:37  Pylon  
  191  15:40  Pylon  
  191  15:41  Assimilator  
  191  15:43  Assimilator  
  191  15:44  Dark Templar x4  
  191  15:46  Photon Cannon  
  199  15:59  Zealot  
  199  16:00  Zealot  
  185  16:17  Zealot x10  
  193  16:20  Disruptor x2 (Chrono Boost)  
  179  16:36  Stalker x2  
  175  16:44  Zealot x10  
  190  16:48  Photon Cannon  
  190  16:50  Probe x5  
  190  16:51  Disruptor (Chrono Boost)  
  199  17:04  Disruptor (Chrono Boost)  
  199  17:07  Stalker  
  199  17:18  Photon Cannon  
  199  17:19  Zealot x4  
  193  17:26  Shield Battery  
  193  17:27  Disruptor (Chrono Boost)  
  193  17:29  Zealot x8  
  191  17:41  Stalker x4  
  191  17:43  Disruptor (Chrono Boost)  
  161  18:00  Disruptor (Chrono Boost)  
  161  18:04  Nexus  
  161  18:05  Zealot x2, Dark Templar x4  
  163  18:06  Zealot x6  
  163  18:10  Probe x2  
  181  18:13  Pylon  
  178  18:21  Disruptor (Chrono Boost)  
  181  18:33  Nexus  
  181  18:36  Observer (Chrono Boost)  
  181  18:39  Stalker x5  
  181  18:40  Stalker x7  
  190  18:58  Disruptor  
  190  18:59  Disruptor  
  194  19:10  Pylon  
  194  19:15  Assimilator  
  194  19:16  Zealot x4  
  194  19:17  Zealot  
  198  19:28  Assimilator  
  178  19:33  Pylon  
  178  19:37  Dark Templar x6  
  178  19:38  Zealot x4  
Show
View Real Time Build Order
Export as new Build Order

ShoWTimE Protoss 

Build Orders: Oracle Opening 

Get SALT Encoding   

  12  0:00  Probe  
  13  0:12  Probe  
  14  0:18  Pylon  
  14  0:24  Probe (Chrono Boost)  
  15  0:37  Probe (Chrono Boost)  
  15  0:39  Gateway  
  16  0:45  Probe (Chrono Boost)  
  16  0:48  Assimilator  
  17  0:51  Probe  
  18  1:03  Probe  
  19  1:15  Probe (Chrono Boost)  
  19  1:16  Assimilator  
  19  1:17  Pylon  
  21  1:26  Probe (Chrono Boost)  
  21  1:29  Cybernetics Core  
  21  1:30  Probe (Chrono Boost)  
  22  1:35  Zealot  
  24  1:42  Probe  
  24  1:46  Pylon  
  25  1:55  Probe  
  26  2:06  Adept, Stargate  
  29  2:11  Pylon  
  28  2:16  Warp Gate  
  29  2:36  Nexus  
  28  2:43  Pylon  
  28  2:50  Oracle (Chrono Boost)  
  31  3:01  Probe  
  31  3:04  Stalker  
  34  3:13  Probe  
  34  3:17  Oracle (Chrono Boost)  
  38  3:25  Probe  
  39  3:30  Gateway  
  39  3:43  Twilight Council  
  39  3:47  Probe (Chrono Boost)  
  41  3:53  Probe (Chrono Boost)  
  41  3:57  Probe (Chrono Boost)  
  41  4:01  Probe (Chrono Boost)  
  41  4:02  Probe (Chrono Boost)  
  43  4:06  Stalker  
  46  4:11  Probe  
  46  4:14  Probe  
  48  4:17  Gateway  
  48  4:18  Blink (Chrono Boost)  
  48  4:23  Pylon  
  48  4:24  Probe  
  49  4:28  Probe  
  50  4:36  Probe  
  51  4:41  Probe  
  52  4:46  Gateway  
  52  4:48  Probe  
  52  4:51  Stalker  
  55  4:53  Probe  
  55  4:57  Shield Battery  
  55  4:58  Stalker  
  58  5:00  Probe, Pylon  
  58  5:05  Probe  
  60  5:08  Assimilator  
  60  5:12  Probe  
  61  5:21  Nexus  
  61  5:25  Stalker  
  63  5:37  Stalker x2  
  63  5:38  Probe  
  63  5:39  Probe  
  63  5:42  Stalker  
  69  5:51  Probe  
  69  5:56  Probe  
  69  6:01  Pylon  
  69  6:03  Probe  
  70  6:10  Pylon  
  70  6:19  Probe x2  
  70  6:20  Stalker x3  
  78  6:31  Probe x2, Forge, Pylon  
  80  6:35  Probe  
  81  6:43  Probe x2, Stalker x3  
  89  6:47  Probe  
  88  6:55  Probe x2  
  88  6:57  Stalker  
  88  6:59  Probe  
  88  7:00  Pylon  
  91  7:06  Protoss Ground Weapons Level 1 (Chrono Boost)  
  91  7:07  Probe x2  
  93  7:09  Charge (Chrono Boost)  
  93  7:11  Probe  
  93  7:14  Gateway  
  94  7:19  Probe x2  
  96  7:24  Probe, Pylon  
  96  7:25  Stalker x3  
  103  7:31  Probe  
  103  7:33  Gateway x2  
  104  7:40  Nexus, Probe  
  103  7:48  Probe x2  
  103  7:50  Shield Battery  
  102  7:59  Stalker x4  
  110  8:05  Photon Cannon  
  110  8:08  Probe x3  
  110  8:09  Gateway  
  110  8:11  Gateway  
  110  8:12  Stalker  
  115  8:18  Photon Cannon  
  115  8:31  Stalker x5  
  125  8:34  Pylon  
  125  8:37  Robotics Facility  
  125  8:39  Pylon  
  125  8:45  Pylon  
  125  8:46  Pylon  
  125  8:47  Gateway  
  125  8:48  Photon Cannon  
  125  8:59  Stalker  
  125  9:00  Stalker x4  
  133  9:10  Protoss Ground Weapons Level 2 (Chrono Boost)  
  133  9:13  Nexus  
  133  9:17  Photon Cannon  
  133  9:20  Zealot x3  
  139  9:25  Zealot x3  
  139  9:27  Observer  
  146  9:32  Probe x3  
  149  9:44  Zealot x6  
  161  9:48  Observer  
  161  9:52  Shield Battery  
  162  9:55  Pylon  
  162  10:00  Photon Cannon  
  162  10:02  Stalker x4, Pylon  
  168  10:13  Pylon x2  
  168  10:19  Shield Battery  
  168  10:25  Zealot x9  
  168  10:27  Probe  
  187  10:28  Shield Battery  
  187  10:36  Probe  
  187  10:37  Probe  
  187  10:39  Shield Battery  
  189  10:46  Zealot x8  
  200  10:54  Zealot  
  192  11:01  Observer  
  186  11:06  Gateway  
  186  11:07  Probe x2, Pylon  
  186  11:09  Gateway  
  186  11:10  Zealot, Protoss Ground Weapons Level 3 (Chrono Boost), Stalker x5  
  190  11:12  Gateway  
  190  11:16  Stalker x2  
  190  11:18  Probe  
  195  11:24  Observer (Chrono Boost)  
  196  11:26  Pylon  
  196  11:30  Photon Cannon  
  196  11:31  Probe x2  
  196  11:32  Photon Cannon  
  198  11:35  Shield Battery  
  198  11:48  Nexus  
  198  11:49  Photon Cannon  
  198  11:53  Observer  
  199  12:03  Gateway  
  199  12:05  Gateway  
  199  12:09  Pylon  
  199  12:12  Pylon  
  199  12:18  Photon Cannon  
  199  12:19  Photon Cannon  
  199  12:21  Zealot x3  
  200  12:28  Stalker x4  
  200  12:29  Stalker  
  196  12:40  Zealot x4  
  196  12:43  Observer  
  173  12:49  Observer x2  
  173  12:50  Nexus, Zealot x3  
  172  12:58  Stalker x4  
  172  12:59  Stalker  
  172  13:00  Assimilator  
  172  13:02  Assimilator  
  176  13:08  Zealot x4  
  184  13:16  Zealot x3  
  184  13:24  Stalker x5  
  190  13:29  Probe x2  
  190  13:30  Photon Cannon  
  192  13:40  Zealot x2  
  192  13:41  Zealot x2  
  200  13:47  Nexus  
  200  13:55  Stalker  
  200  13:59  Stalker x3  
  184  14:04  Zealot x4  
  168  14:10  Zealot x3  
  168  14:11  Observer  
  167  14:20  Stalker x2  
  159  14:31  Zealot x6  
  161  14:33  Observer  
  161  14:34  Pylon  
  161  14:35  Probe x2  
  164  14:52  Stalker x5  
  170  14:54  Observer  
  170  14:56  Robotics Bay  
  171  15:00  Stalker x2  
  171  15:04  Zealot x2  
  179  15:10  Zealot x2, Observer  
  161  15:29  Nexus  
  161  15:32  Observer (Chrono Boost)  
  161  15:34  Stalker x5  
  171  15:48  Stalker x2  
  175  15:50  Disruptor (Chrono Boost)  
  175  15:54  Stalker x2  
  176  16:00  Stalker  
  174  16:08  Zealot x4  
  169  16:12  Zealot x6  
  169  16:13  Zealot x2  
  129  16:28  Stalker x6  
  129  16:34  Zealot x4  
  137  16:40  Disruptor (Chrono Boost)  
  137  16:45  Probe  
  141  16:48  Zealot x2  
  145  17:02  Protoss Ground Armor Level 1 (Chrono Boost), Pylon  
  145  17:07  Disruptor (Chrono Boost)  
  145  17:09  Zealot x4  
  153  17:18  Zealot x3  
  139  17:29  Zealot x4  
  129  17:41  Zealot x3  
  122  17:49  Zealot x3  
  116  18:06  Stalker x4  
  116  18:10  Observer x2 (Chrono Boost)  
  125  18:21  Stalker x4  
  127  18:46  Stalker x4  
  123  18:54  Stalker x4  
  129  19:13  Stalker  
  129  19:18  Zealot x3  
  129  19:19  Zealot x4  
  110  19:52  Nexus  
  107  19:54  Pylon  
Tags
 
Add a new tag
Caveats
  • Supply blocks, unpowered buildings, or Contaminate may cause inaccurate times.
  • Supply counts are checked every 10 seconds.